 Dungeon Crawl Stone Soup version 0.31-a0-152-g6aa68a64a1 (webtiles) character file.

Game seed: 14348483927000346312

121228 comborobin the Crack Shot (level 16, 0/97 HPs)
             Began as a Deep Elf Delver on June 10, 2023.
             Was a High Priest of Cheibriados.
             Killed from afar by a deep elf zephyrmancer (23 damage)
             ... with a bolt of lightning
             ... on level 1 of the Elven Halls.
             The game lasted 00:49:21 (23435 turns).

comborobin the Crack Shot (Deep Elf Delver)        Turns: 23435, Time: 00:49:22

Health: 0/97       AC: 20    Str: 20    XL:     16   Next: 31%
Magic:  17/44      EV: 28    Int: 40    God:    Cheibriados [*****.]
Gold:   789        SH:  0    Dex: 35    Spells: 32/41 levels left

rFire   . . .        b - +9 longbow (flame)
rCold   . . .        (shield currently unavailable)
rNeg    . . .        G - +7 toga "Victory" {*Victory Int+7 Slay+7 Clar}
rPois   +            m - +0 helmet
rElec   .            D - +1 cloak {Stlth+}
rCorr   .            T - +3 pair of gauntlets of War {Slay+5}
SInv    .            h - +1 pair of boots {Stlth+}
Will    +....        u - amulet of regeneration
Stlth   ++++++       F - ring of magical power
HPRegen 1.16/turn    L - +6 ring of dexterity
MPRegen 0.29/turn

%: clarity
@: very slow
A: iridescent scales 1, poison resistance, MP-powered wands
a: Renounce Religion, Bend Time, Temporal Distortion, Slouch, Step From Time


You were on level 1 of the Elven Halls.
You worshipped Cheibriados.
Cheibriados was extremely pleased with you.
You visited 6 branches of the dungeon, and saw 25 of its levels.
You visited the Abyss 1 time.
You also visited: Bailey and Gauntlet.

You collected 2261 gold pieces.
You spent 1472 gold pieces at shops.

Inventory:

Hand Weapons
 a - the +9 staff of Olgreb {rPois∞}
   (You acquired it on level 2 of the Dungeon)

   It enhances your poison magic.
   It grants immunity to poison.
   It can be activated via the 'a'bility menu to radiate toxic energy, with
   effectiveness depending on Evocations skill.
 b - a +9 longbow of flaming (weapon)
Missiles
 y - 3 throwing nets
Armour
 e - a +1 cloak of poison resistance
 h - a +1 pair of boots of stealth (worn)
 m - a +0 helmet (worn)
 B - the +0 helmet of an ossuary {*Corrode rPois Dex+2}
   (You found it in a bailey)

   Dex:       It affects your dexterity (+2).
   rPois:     It protects you from poison.
   *Corrode:  It may corrode you when you take damage.
 D - a +1 cloak of stealth (worn)
 G - the +7 toga "Victory" (worn) {*Victory Int+7 Slay+7 Clar}
   (You found it on level 9 of the Dungeon)

   *Victory:  When the wearer kills a threatening monster, it has a chance to
   gain +1 AC, +1 Slay, and +1 Int, capping at +7.
   When the wearer uses a scroll or a potion with a hostile monster in sight,
   its bonuses reset to +0.
   Unequipping it also resets its bonuses to +0.
   Int:       It affects your intelligence (+7).
   Slay:      It affects your accuracy & damage with ranged weapons and melee
   (+7).
   Clar:      It protects you from confusion, rage, mesmerisation and fear.
 M - an orb of energy
 T - the +3 pair of gauntlets of War (worn) {Slay+5}
   (You bought it in a shop on level 2 of the Orcish Mines)

   Slay:      It affects your accuracy & damage with ranged weapons and melee
   (+5).
 V - the +3 Mad Mage's Maulers {Infuse+∞ VampMP -Cast}
   (You found it on level 5 of the Lair of Beasts)

   Infuse+∞: It empowers its wearer's blows with all of their magic.
   VampMP:    Blows struck in melee replenish the wearer's magic.
   -Cast:     It prevents spellcasting.
Magical Staves
 o - a staff of earth
Jewellery
 g - a ring of wizardry
 r - a +6 ring of strength
 u - an amulet of regeneration (around neck)
 x - an amulet of magic regeneration
 A - an amulet of faith
 F - a ring of magical power (left hand)
 H - a ring of ice
 L - a +6 ring of dexterity (right hand)
 P - a +6 ring of strength
 R - a ring of fire
 S - a ring of willpower
Wands
 l - a wand of mindburst (7)
 t - a wand of charming (9)
 v - a wand of flame (15)
 N - a wand of polymorph (9)
 W - a wand of light (10)
Scrolls
 d - 3 scrolls of magic mapping
 f - 5 scrolls of immolation
 j - a scroll of silence
 k - a scroll of amnesia {unknown}
 n - 2 scrolls of summoning {unknown}
 p - 2 scrolls of noise {unknown}
 s - 11 scrolls of teleportation
 O - 10 scrolls of identify
 U - 2 scrolls of fear
 X - 2 scrolls of fog
Potions
 c - a potion of cancellation {unknown}
 i - 6 potions of attraction
 q - 2 potions of heal wounds
 w - 9 potions of curing
 z - 3 potions of resistance {unknown}
 C - a potion of invisibility {unknown}
 E - 5 potions of might
 I - 2 potions of experience {unknown}
 J - 2 potions of magic {unknown}
 K - a potion of ambrosia {unknown}
 Q - 2 potions of berserk rage {unknown}
 Y - a potion of brilliance
 Z - a potion of mutation


   Skills:
 - Level 10.0 Fighting
 - Level 2.0 Short Blades
 - Level 3.4 Staves
 + Level 23.4 Ranged Weapons
 - Level 12.5 Dodging
 - Level 6.0 Stealth
 - Level 13.0 Spellcasting
 - Level 6.0 Conjurations
 - Level 4.0 Earth Magic
 - Level 8.0 Invocations
 - Level 12.0 Evocations


You had 32 spell levels left.
You knew the following spells:

 Your Spells              Type           Power      Damage    Failure   Level
a - Hailstorm             Conj/Ice       50%        3d11      1%          3
c - Stone Arrow           Conj/Erth      100%       3d13      1%          3
w - Passwall              Tmut/Erth      35%        N/A       1%          2
A - Apportation           Tloc           52%        N/A       1%          1

Your spell library contained the following spells:

 Spells                   Type           Power      Damage    Failure   Level
 Freeze                   Ice            100%       1d10      1%          1
 Necrotise                Necr           100%       1d9       1%          1
 Sandblast                Erth           100%       2d20      1%          1
 Summon Small Mammal      Summ           100%       N/A       1%          1
 Cigotuvi's Dreadful Rot  Necr/Pois/Air  52%        N/A       1%          2
 Sublimation of Blood     Necr           26%        N/A       1%          2
 Wereblood                Tmut           26%        N/A       1%          2
 Call Canine Familiar     Summ           26%        N/A       3%          3
 Frozen Ramparts          Ice            52%        1d8       3%          3
 Summon Guardian Golem    Hex/Summ       26%        N/A       3%          3
 Vhi's Electric Charge    Tloc/Air       52%        N/A       3%          3
 Arcjolt                  Conj/Air       25%        1d35      11%         5
 Dispel Undead            Necr           26%        3d13      13%         4
 Alistair's Intoxication  Tmut/Pois      17%        N/A       34%         5
 Death Channel            Necr           13%        N/A       89%         6
 Plasma Beam              Fire/Air       13%        2x1d24    89%         6
 Summon Hydra             Summ           13%        N/A       100%        7


Dungeon Overview and Level Annotations

Branches:
Dungeon (15/15)            Temple (1/1) D:4            Lair (5/5) D:9
 Shoals (0/4) Lair:2       Spider (0/4) Lair:2        Slime (0/5) Lair:4
    Orc (2/2) D:12            Elf (1/3) Orc:2        Vaults (0/5) D:14
 Depths (1/4) D:15         Bailey (visited)         Gauntlet (visited)

Altars:
Cheibriados
Elyvilon
Gozag
Hepliaklqana
Kikubaaqudgha
Makhleb
Nemelex Xobeh
Okawaru
Sif Muna
Vehumet
Xom
Yredelemnul
Zin

Shops:
D:10 :[   Orc:2 (*[*

Annotations:
D:4 1 runed translucent door, Danienth's ghost, amateur DsFE
D:5 Menkaure
D:6 Grinder
D:7 exclusion: upstairs
D:9 2 transporters, Starbright's ghost, novice OpCj


Innate Abilities, Weirdness & Mutations

You are partially covered in iridescent scales. (AC +2)
Your system is resistant to poisons. (rPois)
You expend magic power (3 MP) to strengthen your wands.


Message History

A deep elf archer comes into view. It is wielding a +0 short sword.
You hear some strange, mumbled words.
A shard of ice appears from out of thin air!
The shard of ice hits you!!
Activating: Slouch (5% risk of failure)
Press: ? - help, Dir - look around, f - activate You can feel time thicken for a moment.
Cheibriados appreciates the change of pace.
Reactivating autopickup.
You feel a bit more experienced.
Cheibriados lowers the support of your attributes as your movement quickens.
The deep elf archer unwields a +0 short sword.
The deep elf archer wields a +0 longbow.
The deep elf archer shoots an arrow.
The arrow hits you!
Unknown command.
Unknown command.
Unknown command.
Activating: Slouch (5% risk of failure)
Press: ? - help, Dir - look around, f - activate You can feel time thicken for a moment.
Cheibriados lowers the support of your attributes as your movement quickens.
The deep elf zephyrmancer casts a spell at you.
The bolt of lightning hits you!!
* * * LOW HITPOINT WARNING * * *
The bolt of lightning misses you.
The deep elf archer shoots an arrow.
The arrow completely misses you.
Unknown command.
Unknown command.
Unknown command.
Activating: Slouch (5% risk of failure)
Press: ? - help, Dir - look around, f - activate You can feel time thicken for a moment.
You kill the deep elf zephyrmancer!
Cheibriados thoroughly appreciates the change of pace.
You kill the deep elf archer!
Cheibriados appreciates the change of pace.
Unknown command.
The deep elf zephyrmancer points at you and mumbles some strange words.
The bolt of lightning hits you!!
You die...

.# ##..)....##)##.##
#.##.......)#..#...##
##.#........#.#.###.##
............).#...#.#
#.[.....)..).#...#.#
.##.....)...#)e#...#.#
............###)###.#
#....)...## ##)..#
....###.#### #@### .
#.########.# ###.#
.######....#)))..##...#
.......e.)).)##......# #
..#####.e#)#.##.###.## ..
.#####....#.##.##.## #.
.............##.##..## .#
#.####..)###.##.##...### #
#............##.......#....


You could see a deep elf zephyrmancer.

Vanquished Creatures
  Jorgrun (D:14)
  A balrug (Abyss:2)
  5 starcursed masses (Abyss:2)
  An elf zombie (Abyss:2)
  Fannar (Orc:1)
  4 hydras
  7 two-headed ogres
  3 centaur warriors
  A catoblepas (Lair:3)
  7 boulder beetles
  6 dancing weapons (Elf:1)
  7 tengu warriors
  A thrashing horror (Abyss:2)
  3 death yaks
  3 sun demons (Abyss:2)
  4 orc high priests (Orc:2)
  4 deep elf knights (Elf:1)
  A wretched star (Abyss:2)
  4 skeletal warriors (D:15)
  A skyshark (Lair:2)
  A glowing orange brain (Abyss:2)
  A swamp dragon (shapeshifter) (D:14)
  5 deep elf archers (Elf:1)
  4 harpies (D:15)
  7 deep elf pyromancers
  A wizard (D:15)
  7 deep elf zephyrmancers (Elf:1)
  An orc knight (Bailey)
  2 necromancers
  21 ugly things
  An orc sorcerer (Orc:2)
  An oklob plant (Lair:4)
  8 cyclopes
  15 elephants
  Maurice (D:10)
  5 manticores
  6 black mambas
  A moth of wrath (Orc:2)
  A rust devil (Abyss:2)
  3 naga magi
  A smoke demon (Gauntlet)
  A gargoyle (D:12)
  5 cane toads
  3 rime drakes (Lair:4)
  2 unseen horrors
  12 komodo dragons
  Maggie (D:8)
  A tengu conjurer (D:13)
  3 kobold demonologists (D:11)
  9 meliai
  7 trolls
  A meliai (shapeshifter) (D:13)
  6 hornets (Lair:5)
  7 polar bears
  A tarantella (Lair:2)
  A queen bee (Lair:4)
  8 raiju (Abyss:2)
  Prince Ribbit (D:7)
  6 blink frogs
  A snapping turtle (Lair:2)
  2 centaur simulacra (D:15)
  7 shadows
  14 spriggans (Lair:5)
  2 water elementals (Elf:1)
  16 slime creatures
  A wraith (D:10)
  A ynoxinul (Abyss:2)
  52 yaks
  2 wyverns
  A chaos spawn (Abyss:2)
  3 basilisks
  A fire elemental (Elf:1)
  2 vampire mosquitoes (D:12)
  4 wargs (Orc:1)
  A naga (Abyss:2)
  Edmund (D:5)
  An acid dragon (D:14)
  17 water moccasins
  21 orc warriors
  3 ogres
  3 black bears
  26 wolves
  3 boggarts (Lair:5)
  A phantom (D:12)
  5 centaurs
  A lemure (D:6)
  4 kobold brigands
  10 bullfrogs
  A scorpion (D:6)
  A troll zombie (D:12)
  8 wights
  A hornet simulacrum (D:15)
  41 killer bees
  2 small abominations (Abyss:2)
  6 electric eels
  5 howler monkeys
  4 crimson imps (Gauntlet)
  3 iron imps (Abyss:2)
  36 orc priests
  A gnoll bouda (D:9)
  Jessica (D:2)
  23 orc wizards
  6 iguanas
  Terence (D:2)
  9 hell rats
  4 ogre zombies (D:12)
  13 gnolls
  8 river rats
  10 adders
  2 white imps
  An ufetubus (D:5)
  4 worms
  A dart slug (D:5)
  80 orcs
  6 ball pythons
  6 endoplasms
  5 giant cockroaches
  11 goblins
  6 hobgoblins
  17 kobolds
  2 quokkas (D:2)
  5 bats
  4 frilled lizards
  2 goblin skeletons (D:12)
  2 goblin zombies (D:12)
  A hobgoblin skeleton (D:12)
  2 hobgoblin zombies (D:12)
  An orc skeleton (D:12)
  10 orc zombies (D:12)
  9 rats
800 creatures vanquished.

Vanquished Creatures (collateral kills)
  2 orc knights (Bailey)
  A scorpion (D:6)
  2 wights (D:10)
  An orc (D:6)
6 creatures vanquished.

Vanquished Creatures (others)
  A gargoyle (D:10)
1 creature vanquished.

Grand Total: 807 creatures vanquished

Notes
Turn   | Place    | Note
-------+----------+-------------------------------------------
     0 | D:5      | comborobin the Deep Elf Delver began the quest for the Orb.
     0 | D:5      | Reached XP level 1. HP: 13/13 MP: 3/3
    42 | D:7      | Noticed a lemure
    42 | D:7      | Noticed a lemure
    66 | D:6      | Noticed Grinder
    66 | D:6      | Paralysed by Grinder for 4 turns
   180 | D:5      | Noticed an orc wizard
   240 | D:4      | Noticed an ogre
   270 | D:4      | Found a runed translucent door.
   270 | D:4      | Noticed Danienth's ghost (amateur DsFE)
   276 | D:4      | Found a sparkling altar of Nemelex Xobeh.
   536 | D:3      | Reached skill level 1 in Staves
   536 | D:3      | Reached XP level 2. HP: 15/18 MP: 4/4
   710 | D:2      | Identified a scroll of acquirement
   710 | D:2      | Acquired the +9 staff of Olgreb {rPois∞}
   710 | D:2      | Found the +9 staff of Olgreb {rPois∞}
   727 | D:2      | Reached skill level 1 in Evocations
   727 | D:2      | Reached XP level 3. HP: 22/22 MP: 5/5
   778 | D:2      | Noticed Terence
   807 | D:2      | Killed Terence
  1268 | D:2      | Noticed Jessica
  1274 | D:2      | Killed Jessica
  1275 | D:2      | Reached XP level 4. HP: 25/27 MP: 1/6
  1961 | D:4      | Found a radiant altar of Vehumet.
  2037 | D:4      | Reached XP level 5. HP: 21/31 MP: 2/7
  2279 | D:4      | Killed an ogre
  2280 | D:4      | Reached XP level 6. HP: 37/37 MP: 0/8
  2685 | D:4      | Found a staircase to the Ecumenical Temple.
  2901 | Temple   | Entered the Ecumenical Temple
  2957 | Temple   | Became a worshipper of Cheibriados the Contemplative
  3585 | D:3      | Found a white marble altar of Elyvilon.
  3589 | D:3      | Found a burning altar of Makhleb.
  3980 | D:1      | Reached * piety under Cheibriados
  4153 | D:1      | Found a faded altar of an unknown god.
  4541 | D:5      | Reached skill level 5 in Evocations
  4836 | D:5      | Reached XP level 7. HP: 41/41 MP: 1/9
  4981 | D:5      | Noticed Edmund
  4989 | D:5      | Killed Edmund
  5170 | D:5      | Noticed Menkaure
  5245 | D:5      | Reached ** piety under Cheibriados
  5447 | D:5      | Learned a level 2 spell: Passwall
  5451 | D:5      | Learned a level 3 spell: Stone Arrow
  5453 | D:5      | Learned a level 1 spell: Apportation
  5888 | D:6      | Paralysed by Grinder for 5 turns
  5912 | D:6      | Reached skill level 1 in Conjurations
  6002 | D:6      | Found a basalt altar of Yredelemnul.
  6039 | D:6      | Found a shimmering blue altar of Sif Muna.
  6133 | D:6      | Reached XP level 8. HP: 38/46 MP: 4/13
  6300 | D:7      | Noticed Prince Ribbit
  6304 | D:7      | Killed Prince Ribbit
  6710 | D:7      | Reached skill level 5 in Conjurations
  6774 | D:7      | Reached skill level 1 in Invocations
  6861 | D:8      | Reached *** piety under Cheibriados
  6864 | D:8      | Reached skill level 1 in Earth Magic
  6958 | D:8      | Found a flagged portal.
  7007 | Bailey   | Entered a bailey
  7122 | Bailey   | Reached **** piety under Cheibriados
  7152 | Bailey   | Noticed an orc knight
  7152 | Bailey   | Noticed an orc knight
  7152 | Bailey   | Noticed an orc knight
  7163 | Bailey   | Reached skill level 5 in Dodging
  7165 | Bailey   | Killed an orc knight
  7166 | Bailey   | Reached XP level 9. HP: 50/50 MP: 10/17
  7166 | Bailey   | Killed an orc knight
  7191 | Bailey   | Killed an orc knight
  7348 | Bailey   | Identified the +0 helmet of an ossuary {*Corrode rPois
                  | Dex+2}
  7463 | D:8      | Reached skill level 5 in Invocations
  7537 | D:8      | Identified the +2 spear "Vimak" {flame, rPois Int+2 Dex-5}
  7589 | D:8      | Noticed Maggie
  7591 | D:8      | Gained mutation: You are clumsy. (Dex -2) [potion of
                  | mutation]
  7591 | D:8      | Gained mutation: You have a pair of small antennae on your
                  | head. [potion of mutation]
  7591 | D:8      | Lost mutation: You are clumsy. (Dex -2) [potion of
                  | mutation]
  7643 | D:8      | Killed Maggie
  7644 | D:8      | Reached skill level 10 in Evocations
  7682 | D:8      | Reached skill level 5 in Spellcasting
  7912 | D:9      | Found a transporter.
  7921 | D:9      | Noticed Starbright's ghost (novice OpCj)
  7922 | D:9      | Found a glowing silver altar of Zin.
  7944 | D:9      | Found the +0 toga "Victory" {*Victory Clar}
  7961 | D:9      | Reached XP level 10. HP: 42/56 MP: 15/20
  8036 | D:9      | Found an ancient bone altar of Kikubaaqudgha.
  8362 | D:9      | Reached ***** piety under Cheibriados
  8464 | D:9      | Found a shimmering altar of Xom.
  8496 | D:9      | Found a staircase to the Lair.
  8553 | D:9      | Noticed a two-headed ogre
  8560 | D:9      | Killed a two-headed ogre
  8561 | D:9      | Reached skill level 5 in Fighting
  8694 | D:9      | Found a transporter.
  8798 | D:10     | Entered Level 10 of the Dungeon
  8816 | D:10     | Found Ceynaf's Vocational Training.
  8826 | D:10     | Noticed Maurice
  8838 | D:10     | Killed Maurice
  9119 | D:10     | Reached XP level 11. HP: 63/63 MP: 18/25
  9385 | D:10     | Found Xupeath's Armour Emporium.
  9573 | D:11     | Noticed a two-headed ogre
  9579 | D:11     | Killed a two-headed ogre
  9592 | D:11     | Found a gate leading to a gauntlet.
  9600 | D:11     | Identified the amulet "Buliasch" {Spirit Str+2}
  9620 | D:11     | Reached skill level 10 in Spellcasting
  9646 | Gauntlet | Entered a Gauntlet
  9646 | Gauntlet | Found a transporter.
  9669 | Gauntlet | Found a transporter.
  9672 | Gauntlet | Found a transporter.
  9673 | Gauntlet | Found a transporter.
  9681 | Gauntlet | Found a transporter.
  9684 | Gauntlet | Found a transporter.
  9685 | Gauntlet | Found a transporter.
  9687 | Gauntlet | Noticed an eight-headed hydra
  9693 | Gauntlet | Found a runed translucent door.
  9697 | Gauntlet | Found a transporter.
  9698 | Gauntlet | Found a transporter.
  9702 | Gauntlet | Noticed a sixfirhy
  9706 | Gauntlet | Found a transporter.
  9706 | Gauntlet | Found a transporter.
  9706 | Gauntlet | Noticed a sixfirhy
  9706 | Gauntlet | Noticed a sixfirhy
  9709 | Gauntlet | Found a transporter.
  9710 | Gauntlet | Found a transporter.
  9715 | Gauntlet | Noticed a death scarab
  9716 | Gauntlet | Noticed a death scarab
  9727 | Gauntlet | Found a transporter.
 10077 | Gauntlet | Lost mutation: You have a pair of small antennae on your
                  | head. [potion of mutation]
 10077 | Gauntlet | Gained mutation: You are partially covered in iridescent
                  | scales. (AC +2) [potion of mutation]
 10077 | Gauntlet | Gained mutation: Your system is resistant to poisons.
                  | (rPois) [potion of mutation]
 10077 | Gauntlet | Gained mutation: You expend magic power (3 MP) to
                  | strengthen your wands. [potion of mutation]
 10130 | Gauntlet | Noticed a minotaur
 10182 | D:11     | Noticed a sixfirhy
 10495 | D:11     | Noticed a red ugly thing
 10500 | D:11     | Killed a red ugly thing
 10997 | D:13     | Noticed a tengu warrior
 10999 | D:13     | Killed a tengu warrior
 11001 | D:13     | Noticed a boulder beetle
 11008 | D:13     | Killed a boulder beetle
 11008 | D:13     | Noticed a two-headed ogre
 11009 | D:13     | Reached XP level 12. HP: 69/69 MP: 19/29
 11012 | D:13     | Noticed a tengu warrior
 11017 | D:13     | Noticed a tengu warrior
 11018 | D:13     | Killed a two-headed ogre
 11021 | D:13     | Killed a tengu warrior
 11024 | D:13     | Killed a tengu warrior
 11169 | D:13     | Reached skill level 10 in Dodging
 11958 | D:12     | Noticed a two-headed ogre
 11965 | D:12     | Killed a two-headed ogre
 12221 | D:12     | Noticed a two-headed ogre
 12229 | D:12     | Killed a two-headed ogre
 12538 | D:12     | Found a staircase to the Orcish Mines.
 12543 | D:12     | Noticed a boulder beetle
 12562 | D:12     | Killed a boulder beetle
 13371 | Orc:1    | Entered Level 1 of the Orcish Mines
 13549 | Orc:1    | Noticed Fannar
 13554 | Orc:1    | Killed Fannar
 13954 | Orc:2    | Entered Level 2 of the Orcish Mines
 13971 | Orc:2    | Reached skill level 1 in Ranged Weapons
 13975 | Orc:2    | Reached skill level 2 in Ranged Weapons
 13975 | Orc:2    | Reached XP level 13. HP: 65/78 MP: 26/32
 13981 | Orc:2    | Reached ****** piety under Cheibriados
 13985 | Orc:2    | Reached skill level 3 in Ranged Weapons
 13989 | Orc:2    | Reached skill level 4 in Ranged Weapons
 14058 | Orc:2    | Reached skill level 5 in Ranged Weapons
 14144 | Orc:2    | Reached skill level 6 in Ranged Weapons
 14149 | Orc:2    | Found Zitoc's Assorted Antiques.
 14149 | Orc:2    | Found Dikujeti's Assorted Antiques.
 14154 | Orc:2    | Found Xyzeig's Weapon Boutique.
 14163 | Orc:2    | Found Wiveikol's Armour Shop.
 14226 | Orc:2    | Reached skill level 7 in Ranged Weapons
 14244 | Orc:2    | Found a staircase to the Elven Halls.
 14285 | Orc:2    | Noticed Nessos
 14290 | Orc:2    | Nessos changed into Nessos the swamp dragon
 14290 | Orc:2    | Noticed Nessos
 14292 | Orc:2    | Nessos the swamp dragon changed into Nessos the moth of
                  | wrath
 14292 | Orc:2    | Noticed Nessos
 14297 | Orc:2    | Killed Nessos the moth of wrath
 14836 | Elf:1    | Entered Level 1 of the Elven Halls
 14857 | Elf:1    | Reached skill level 8 in Ranged Weapons
 14993 | Lair:1   | Entered Level 1 of the Lair of Beasts
 15003 | Lair:1   | Reached skill level 9 in Ranged Weapons
 15059 | Lair:1   | Found a basalt altar of Yredelemnul.
 15105 | Lair:1   | Reached skill level 10 in Ranged Weapons
 15264 | Lair:1   | Learned a level 3 spell: Hailstorm
 16383 | Lair:2   | Reached skill level 11 in Ranged Weapons
 16493 | Lair:2   | Found a staircase to the Shoals.
 16832 | Lair:2   | Found a hole to the Spider Nest.
 17332 | Lair:3   | Reached skill level 12 in Ranged Weapons
 17486 | Orc:2    | Bought the +3 pair of gauntlets of War {Slay+5} for 1472
                  | gold pieces
 17486 | Orc:2    | Found the +3 pair of gauntlets of War {Slay+5}
 17959 | Lair:3   | Reached XP level 14. HP: 84/84 MP: 33/33
 18291 | Lair:4   | Reached skill level 13 in Ranged Weapons
 18352 | Lair:4   | Found a staircase to the Slime Pits.
 18541 | Lair:5   | Entered Level 5 of the Lair of Beasts
 18553 | Lair:4   | Reached skill level 14 in Ranged Weapons
 18782 | Lair:5   | Reached skill level 15 in Ranged Weapons
 18785 | Lair:5   | Reached skill level 16 in Ranged Weapons
 19045 | Lair:5   | Reached skill level 17 in Ranged Weapons
 19150 | Lair:5   | Found the +3 Mad Mage's Maulers {Infuse+∞ VampMP -Cast}
 20024 | Lair:4   | Reached skill level 18 in Ranged Weapons
 20057 | Lair:4   | Identified the +11 spear of Destiny {spect, *Slow Will+
                  | Int+3 Dex+8}
 20928 | D:14     | Reached skill level 19 in Ranged Weapons
 20932 | D:14     | Reached XP level 15. HP: 73/88 MP: 34/34
 21198 | D:14     | Reached skill level 20 in Ranged Weapons
 21374 | D:14     | Noticed Jorgrun
 21379 | D:14     | Killed Jorgrun
 21608 | D:14     | Found a gate to the Vaults.
 21704 | D:15     | Entered Level 15 of the Dungeon
 21769 | D:15     | Found a staircase to the Depths.
 21888 | D:15     | Reached skill level 21 in Ranged Weapons
 21899 | Abyss:2  | Cast into level 2 of the Abyss (a wizard)
 22282 | D:15     | Escaped the Abyss
 22384 | D:15     | Reached skill level 10 in Fighting
 22446 | D:15     | Reached skill level 22 in Ranged Weapons
 22446 | D:15     | Reached XP level 16. HP: 97/97 MP: 35/35
 23137 | Depths:1 | Entered Level 1 of the Depths
 23418 | Elf:1    | Reached skill level 23 in Ranged Weapons
 23435 | Elf:1    | Killed from afar by a deep elf zephyrmancer

Illustrated notes

Levels and vault maps discovered:
D:1:      nagdon_arrival_zigzag_paths, layout_loops_ring,
          dreamdust_ecumenical_altar_statues
D:2:      layout_basic, uniq_jessica, uniq_terence
D:3:      wad_pebble_path, layout_basic, jmf_multi_god_temple
D:4:      layout_loops_corners, overflow_temple_1_default, lemuel_round_altar,
          minmay_temple_entry_proselytizer, hellmonk_ghost_happy_afterlife
D:5:      layout_loops_ring, wad_floor_pattern_untrapped, chequers_arboretum,
          minmay_misc_feat_chi, kennysheep_generic_room_16, uniq_edmund,
          uniq_menkaure
D:6:      hellmonk_crumbling_castle, layout_basic, nicolae_ru_awakened_eye,
          mainiacjoe_overflow_catch_the_wave, minmay_alternating_orb,
          uniq_grinder, uniq_sigmund
D:7:      minmay_blocky_corners, layout_gridville, uniq_pikel,
          uniq_prince_ribbit1
D:8:      layout_rooms, enter_bailey_7, uniq_maggie
D:9:      layout_rooms, mainiacjoe_overflow_paths, overflow_temple_1_default,
          mainiacjoe_overflow_six_doors_small, gammafunk_ghost_stat_death
D:10:     layout_cave_pools, serial_shops, shop, nicolae_shop_vocational,
          uniq_maurice
D:11:     layout_rooms, gauntlet_entry_generic
D:12:     layout_layer_cave, zombieorc1_lemuel
D:13:     layout_basic, corner_web_ring
D:14:     layout_basic, david_vaults_1, eino_curves_01, uniq_jorgrun
D:15:     grunt_enter_depths_magical_seal, layout_loops_ring,
          amcnicky_mini_rare_corridor_liquid, hangedman_aviary
Temple:   nicolae_temple_slightly_damp_pantheon
Lair:1:   layout_small_grid, basic_altar, minivault_27, kennysheep_rathole
Lair:2:   layout_cave_pods, minmay_shoals_entry_hut, spider_nest_entry_rubble,
          grunt_forest_stairs_basic, nzn_sisyphean_effort, grunt_megastairs_1,
          lemuel_fruit_tree
Lair:3:   layout_chaotic_city
Lair:4:   regret_index_combs_of_tragedy, layout_regular_city, slime_entry_1,
          serial_bayou_lake_a, grunt_megastairs_4
Lair:5:   minmay_lair_end_enchanted_forest, layout_regular_city,
          grunt_forest_small_clearings, serial_bayou_shore_a
Orc:1:    layout_caves, serial_shops, shop, nooodl_orcs_dogs, uniq_fannar
Orc:2:    st_orc_mages, layout_caves, minmay_orc_temple_a, uniq_nessos
Elf:1:    layout_loops_cross, serial_shops, nicolae_shop_real_fake_doors,
          nicolae_book_shop_shelving, shop, shop,
          hangedman_elven_crosses_minicolossus, nicolae_elf_shapeshifter_party
Depths:1: dreamdust_cat_pyramid, layout_basic, enter_ziggurat_d,
          hangedman_coc_ice_floe, vehumet_crystals, nicolae_ashenzari_skybound,
          uniq_nikola

Skill      XL: |  1  2  3  4  5  6  7  8  9 10 11 12 13 14 15 16 |
---------------+-------------------------------------------------+-----
Staves         | 1 2 3 |  3.4
Evocations     | 1 2 3 5 7 8 10 12 | 12.0
Dodging        | 3 5 6 8 11 12 | 12.5
Fighting       | 3 5 8 10 | 10.0
Spellcasting   | 2 4 5 8 11 13 | 13.0
Conjurations   | 3 5 6 |  6.0
Invocations    | 3 5 7 8 |  8.0
Earth Magic    | 2 4 |  4.0
Ranged Weapons | 2 12 19 22 23 | 23.4
Short Blades   | |  2.0
Stealth        | |  6.0

Action                     |  1- 3 |  4- 6 |  7- 9 | 10-12 | 13-15 | 16-18 || total
---------------------------+-------+-------+-------+-------+-------+-------++-------
  Melee: Quarterstaff      |    28 |       |       |       |       |       ||    28
         Staff             |    30 |    73 |    46 |    16 |    27 |       ||   192
         Punch             |       |       |     1 |       |       |       ||     1
   Fire: Longbow           |       |       |       |       |   625 |    47 ||   672
   Cast: Stone Arrow       |       |       |    13 |   212 |    72 |       ||   297
         Apportation       |       |       |       |     1 |       |       ||     1
         Hailstorm         |       |       |       |       |    10 |       ||    10
 Invoke: Slouch            |       |       |       |     3 |    11 |     8 ||    22
         Temporal Distorti |       |       |       |     1 |     2 |       ||     3
         Bend Time         |       |       |       |     1 |     1 |       ||     2
Ability: Evoke the Staff o |     2 |    20 |    50 |    75 |    61 |       ||   208
  Evoke: Wand              |       |       |     4 |     9 |     6 |       ||    19
    Use: Scroll            |     2 |     1 |     6 |     4 |    13 |       ||    26
         Potion            |     5 |       |     2 |     4 |     1 |     2 ||    14
   Stab: Sleeping          |     9 |    13 |     1 |       |       |       ||    23
         Distracted        |       |     2 |       |       |       |       ||     2
 Armour: Leather armour    |     7 |    15 |     7 |       |       |       ||    29
         Robe              |       |       |       |    32 |    71 |     4 ||   107
  Dodge: Dodged            |    26 |    46 |    36 |   179 |   411 |    14 ||   712

Table legend: (Time is in decaauts)
 A = Elapsed time spent in this place.
 B = Non-inter-level travel time spent in this place.
 C = Inter-level travel time spent in this place.
 D = Time resting spent in this place.
 E = Time spent auto-exploring this place.
 F = Levels seen in this place.
 G = Mean time per level.
                   A        B        C        D        E       F      G
               +--------+--------+--------+--------+--------+-----+--------+
         Total |  35133 |  31875 |   3258 |   1720 |  24516 |  28 | 1254.8 |
       Dungeon |  20689 |  18592 |   2097 |   1016 |  14541 |  15 | 1379.3 |
        Temple |     74 |     49 |     25 |      0 |     43 |   1 |   74.0 |
          Lair |   9641 |   8935 |    706 |    223 |   7583 |   5 | 1928.2 |
  Orcish Mines |   2522 |   2134 |    388 |    215 |   1454 |   2 | 1261.0 |
   Elven Halls |    249 |    229 |     20 |      3 |    146 |   1 |  249.0 |
        Depths |     71 |     51 |     20 |      0 |     34 |   1 |   71.0 |
         Abyss |    490 |    490 |      0 |    106 |    271 |   1 |  490.0 |
        Bailey |    542 |    542 |      0 |    120 |    219 |   1 |  542.0 |
      Gauntlet |    851 |    851 |      0 |     36 |    223 |   1 |  851.0 |
               +--------+--------+--------+--------+--------+-----+--------+

Top non-repeatable levels by time:
    D:12: 3256 daAuts
  Lair:5: 2150 daAuts
  Lair:4: 2130 daAuts
  Lair:2: 2101 daAuts
    D:15: 1977 daAuts
  Lair:1: 1767 daAuts
     D:4: 1618 daAuts
     D:5: 1539 daAuts
   Orc:2: 1504 daAuts
  Lair:3: 1492 daAuts
     D:9: 1480 daAuts
    D:14: 1406 daAuts
     D:2: 1319 daAuts
    D:10: 1286 daAuts
    D:11: 1259 daAuts
